 Dungeon Crawl Stone Soup version 0.29-a0-1052-g6990b1bffc (webtiles) character file.

Game seed: 16686044236128326228

1482 greasedhog the Changer (level 8, -2/48 HPs)
             Began as a Gargoyle Transmuter on Aug 17, 2022.
             Was an Initiate of Sif Muna.
             Shot with a bolt by an orc warrior (14 damage)
             ... in a bailey.
             The game lasted 00:11:05 (7355 turns).

greasedhog the Changer (Gargoyle Transmuter)        Turns: 7355, Time: 00:11:05

Health: -2/48      AC: 10    Str: 16    XL:     8   Next: 79%
Magic:  9/11       EV: 13    Int: 14    God:    Sif Muna [......]
Gold:   292        SH:  0    Dex: 10    Spells: 5/11 levels left

rFire   + . .      SeeInvis .     - Unarmed
rCold   + . .      Faith    .   (no shield)
rNeg    + + .      Spirit   .   s - +2 robe {rC+ rF+}
rPois   ∞          Reflect  .   (helmet currently unavailable)
rElec   +          Harm     .   D - +0 cloak
rCorr   .          Rampage  .   (no gloves)
Will    .....                   (boots currently unavailable)
Stlth   +.........              k - amulet of the acrobat
HPRegen 0.16/turn               i - ring of positive energy
MPRegen 0.12/turn               F - ring of flight

@: appendages, wereblooded, flying
A: horns 2, talons 2, sickness immunity, AC +5, negative energy resistance 1,
electricity resistance, torment resistance 1, petrification resistance
a: End Transformation, Renounce Religion


You were in a bailey.
You worshipped Sif Muna.
Sif Muna was noncommittal.
You had temporarily grown beastly horns and talons.
You visited 2 branches of the dungeon, and saw 8 of its levels.
You also visited: Bailey.

You collected 358 gold pieces.
You spent 66 gold pieces at shops.

Inventory:

Missiles
 G - a curare-tipped dart
Armour
 f - a +1 helmet (melded)
 s - a +2 robe of resistance (worn)
 D - a +0 cloak (worn)
Jewellery
 i - a ring of positive energy (left hand)
 k - an amulet of the acrobat (around neck)
 w - an amulet of regeneration
 F - a ring of flight (right hand)
Wands
 y - a wand of paralysis (4)
Scrolls
 c - 2 scrolls of butterflies
 d - 3 scrolls of immolation
 h - 3 scrolls of teleportation
 m - a scroll of enchant armour
 n - 5 scrolls of poison
 u - a scroll of vulnerability {unknown}
 v - 2 scrolls of blinking {unknown}
 x - 2 scrolls of fear {unknown}
 B - a scroll of brand weapon {unknown}
 C - a scroll of enchant weapon {unknown}
 E - a scroll of silence {unknown}
Potions
 a - a potion of haste {unknown}
 b - 2 potions of lignification
 e - 2 potions of curing {unknown}
 g - 2 potions of invisibility {unknown}
 j - a potion of might {unknown}
 l - a potion of resistance {unknown}
 o - a potion of berserk rage {unknown}
 p - 2 potions of heal wounds {unknown}
 q - a potion of flight {unknown}
 r - a potion of magic {unknown}
 z - a potion of brilliance {unknown}
 A - a potion of mutation {unknown}


   Skills:
 * Level 4.7 Fighting
 - Level 5.0 Dodging
 - Level 3.0 Unarmed Combat
 - Level 2.0 Spellcasting
 * Level 6.2 Transmutations
 * Level 2.6 Poison Magic


You had 5 spell levels left.
You knew the following spells:

 Your Spells              Type           Power      Damage    Failure   Level
a - Beastly Appendage     Tmut           36%        N/A       1%          1
b - Wereblood             Tmut           18%        N/A       2%          2
c - Spider Form           Tmut/Pois      13%        N/A       12%         3

Your spell library contained the following spells:

 Spells                   Type           Power      Damage    Failure   Level
 Ignite Poison            Fire/Tmut/Pois 9%         N/A       22%         3
 Apportation              Tloc           2%         N/A       24%         1
 Ice Form                 Ice/Tmut       10%        N/A       54%         4
 Conjure Flame            Conj/Fire      1%         6-21      56%         3
 Stone Arrow              Conj/Erth      2%         3d7       56%         3
 Alistair's Intoxication  Tmut/Pois      8%         N/A       71%         5
 Animate Armour           Summ/Erth      2%         N/A       93%         4
 Sticky Flame             Conj/Fire      1%         2d3       93%         4
 Lehudib's Crystal Spear  Conj/Erth      0%         10d2      100%        8


Dungeon Overview and Level Annotations

Branches:
Dungeon (7/15)             Temple (1/1) D:5          Bailey (1/1)

Altars:
Ashenzari
Cheibriados
Fedhas
Gozag
Kikubaaqudgha
Makhleb
Nemelex Xobeh
Okawaru
Qazlal
Ru
Sif Muna
Trog
Vehumet
Wu Jian
Xom
Yredelemnul
Zin
The Shining One

Shops:
D:3 [


Innate Abilities, Weirdness & Mutations

You have temporarily grown beastly horns and talons.
You are immune to sickness and miasma.
Your stone body is resilient. (AC +5)
You are immune to poison.
You resist negative energy. (rN+)
You are resistant to electric shocks. (rElec)
You are resistant to unholy torment.
You are immune to petrification.


Message History

An orc comes into view. It is wielding a +0 arbalest.
The orc shouts!
You hear a shout!
An orc warrior comes into view. It is wielding a +0 arbalest.
Okay, then.
Found a gate leading back out of this place.
An orc comes into view. It is wielding a +0 arbalest.
You grow a pair of large bovine horns.
Your feet morph into talons.
Your +1 helmet melds into your body.
The orc shouts!
The orc shoots a bolt.
The bolt misses you.
Casting: Beastly Appendage (safe; 1% risk of failure)
Confirm with . or Enter, or press ? or * to list all spells.
Your blood is infused with primal strength.
The orc shoots a bolt.
The bolt barely misses you.
The orc shoots a bolt.
The bolt hits you but does no damage.
The orc shoots a bolt.
The bolt barely misses you.
The orc warrior shoots a bolt.
The bolt barely misses you.
The orc shoots a bolt.
The bolt hits you!
The orc warrior shoots a bolt.
The bolt completely misses you.
You hit the orc warrior but do no damage.
Your kick misses the orc warrior. You headbutt the orc warrior.
The orc warrior is lightly wounded.
The orc unwields a +0 arbalest.
The orc barely misses you.
The orc warrior unwields a +0 arbalest.
The orc warrior hits you!
You hit the orc but do no damage. You closely miss the orc.
Your kick misses the orc. The orc warrior closely misses you.
The orc closely misses you.
You barely miss the orc. You claw the orc, but do no damage.
Your headbutt misses the orc. The orc warrior hits you.
The orc hits you but does no damage.
You hit the orc.
The orc is moderately wounded.
The orc warrior shoots a bolt.
The bolt hits you!
* * * LOW HITPOINT WARNING * * *
The orc warrior hits you but does no damage.
The orc barely misses you.
You barely miss the orc. Your kick misses the orc. You headbutt the orc.
The orc is severely wounded.
The orc warrior shoots a bolt.
The bolt hits you!
You die...

#.......o..
#.....o.o.
#.....o≈≈
#.....≈≈ ##
#.....≈##.∩#≈.
#.....≈#o......
#.....≈##.##≈..
#.....≈≈###≈≈..
#......@≈≈≈≈...
#......oo......
#..............
#.∩............
#∩.............
###############


You could see 2 orc warriors and 2 orcs.

Vanquished Creatures
  A steam dragon (D:7)
  A water moccasin (D:6)
  2 black bears
  A centaur (D:7)
  An ogre (D:4)
  A kobold brigand (D:6)
  2 scorpions
  A necrophage (D:5)
  2 howler monkeys (D:6)
  3 jellies
  A hound (D:5)
  5 orc priests
  2 orc wizards
  Robin (D:2)
  3 gnolls (D:7)
  8 adders
  3 white imps
  An ufetubus (D:5)
  3 worms
  4 dart slugs
  21 orcs
  6 ball pythons
  8 endoplasms
  4 giant cockroaches
  2 hobgoblins
  4 quokkas
  2 bats
  6 frilled lizards
  21 goblins
  11 kobolds
  6 rats
137 creatures vanquished.

Vanquished Creatures (others)
  A kobold (D:7)
1 creature vanquished.

Grand Total: 138 creatures vanquished

Notes
Turn   | Place    | Note
-------+----------+-------------------------------------------
     0 | D:1      | greasedhog the Gargoyle Transmuter began the quest for the
                  | Orb.
     0 | D:1      | Reached XP level 1. HP: 12/12 MP: 3/3
   513 | D:1      | Reached XP level 2. HP: 16/16 MP: 5/5
   591 | D:1      | Reached skill level 2 in Transmutations
   656 | D:1      | Learned a level 2 spell: Wereblood
  1498 | D:2      | Reached XP level 3. HP: 17/20 MP: 3/6
  1617 | D:2      | Noticed Robin
  1635 | D:2      | Killed Robin
  1636 | D:2      | Reached XP level 4. HP: 21/25 MP: 4/7
  1855 | D:2      | Noticed a black bear
  1864 | D:2      | Killed a black bear
  1865 | D:2      | Reached skill level 3 in Transmutations
  1865 | D:2      | Reached XP level 5. HP: 25/29 MP: 4/8
  1902 | D:2      | Found a faded altar of an unknown god.
  2181 | D:2      | Learned a level 3 spell: Spider Form
  2816 | D:3      | Found Biexar's Antique Armour Shoppe.
  2821 | D:3      | Bought an embroidered robe for 66 gold pieces
  3004 | D:3      | Found a stormy altar of Qazlal.
  3427 | D:4      | Reached XP level 6. HP: 34/34 MP: 7/9
  3821 | D:4      | Reached skill level 4 in Transmutations
  4044 | D:4      | Noticed a black bear
  4058 | D:4      | Killed a black bear
  4335 | D:5      | Entered Level 5 of the Dungeon
  4362 | D:5      | Reached XP level 7. HP: 32/38 MP: 7/10
  4898 | D:5      | Identified the +2 ring mail of Resilience {Drain rN+++
                  | SInv}
  4981 | D:5      | Found a staircase to the Ecumenical Temple.
  5105 | D:5      | Reached skill level 5 in Dodging
  5105 | D:5      | Reached skill level 5 in Transmutations
  5126 | Temple   | Entered the Ecumenical Temple
  5367 | Temple   | Became a worshipper of Sif Muna the Loreminder
  5814 | D:6      | Upgraded the game from 0.29-a0-1047-g7c58e119a4 to
                  | 0.29-a0-1052-g6990b1bffc
  5967 | D:6      | Reached XP level 8. HP: 38/45 MP: 8/11
  6527 | D:6      | Reached skill level 1 in Poison Magic
  6764 | D:7      | Reached skill level 6 in Transmutations
  7133 | D:7      | Found a flagged portal.
  7162 | Bailey   | Entered a bailey
  7355 | Bailey   | Shot with a bolt by an orc warrior

Illustrated notes

Levels and vault maps discovered:
D:1:      lightli_iron_boxes, layout_loops_corners
D:2:      layout_basic, shapermc_ecumenical_altar_starsandcircs,
          serial_bayou_pond_e, uniq_robin
D:3:      layout_basic, grunt_qazlal_sundering, serial_shops, shop
D:4:      layout_loops_ring, minmay_ogre_servants
D:5:      layout_rooms, minmay_temple_entry_statues
D:6:      layout_cave_pools
D:7:      layout_basic, mainiacjoe_overflow_swirl, enter_bailey_7, serial_shops,
          nicolae_take_the_stairs, hangedman_glass_teeth
Temple:   minmay_crystal_spiral_temple
Bailey:   bailey_polearm_2, bailey

Skill      XL: |  1  2  3  4  5  6  7  8 |
---------------+-------------------------+-----
Dodging        | 2 3 4 5 |  5.0
Transmutations | 2 3 4 5 6 |  6.2
Fighting       | 2 4 |  4.7
Poison Magic   | 2 |  2.6
Unarmed Combat | |  3.0
Spellcasting   | |  2.0

Action                   |  1- 3 |  4- 6 |  7- 9 || total
-------------------------+-------+-------+-------++-------
Melee: Unarmed           |   107 |   165 |   251 ||   523
       Headbutt          |     6 |    21 |    45 ||    72
       Punch             |     2 |     1 |     6 ||     9
       Kick              |     8 |    31 |    65 ||   104
 Cast: Beastly Appendage |     7 |    32 |    21 ||    60
       Wereblood         |     2 |    10 |    11 ||    23
  Use: Scroll            |       |     3 |     5 ||     8
 Stab: Sleeping          |     1 |     1 |       ||     2
Armor: Robe              |    29 |    58 |   127 ||   214
Dodge: Dodged            |    72 |   137 |   215 ||   424

Table legend: (Time is in decaauts)
 A = Elapsed time spent in this place.
 B = Non-inter-level travel time spent in this place.
 C = Inter-level travel time spent in this place.
 D = Time resting spent in this place.
 E = Time spent auto-exploring this place.
 F = Levels seen in this place.
 G = Mean time per level.
                   A        B        C        D        E       F      G
               +--------+--------+--------+--------+--------+-----+--------+
         Total |   7328 |   7040 |    288 |    626 |   5255 |   9 |  814.2 |
       Dungeon |   6835 |   6632 |    203 |    458 |   5056 |   7 |  976.4 |
        Temple |    300 |    215 |     85 |      0 |    199 |   1 |  300.0 |
        Bailey |    192 |    192 |      0 |    168 |      0 |   1 |  192.0 |
               +--------+--------+--------+--------+--------+-----+--------+

Top non-repeatable levels by time:
     D:1: 1481 daAuts
     D:3: 1127 daAuts
     D:5: 1117 daAuts
     D:4: 1015 daAuts
     D:6: 968 daAuts
     D:2: 701 daAuts
     D:7: 424 daAuts
  Temple: 300 daAuts
  Bailey: 192 daAuts
